 Dungeon Crawl Stone Soup version 0.29.0-4-gdea44cf6ec (webtiles) character file.

Game seed: 14159986387395538448

30 qw the Sneak (level 3, -2/23 HPs)
             Began as a Gargoyle Delver on Sept 10, 2022.
             Slain by a kobold brigand
             ... wielding a +0 short sword
              (5 damage)
             ... on level 5 of the Dungeon.
             The game lasted 00:00:03 (285 turns).

qw the Sneak (Gargoyle Delver)                       Turns: 285, Time: 00:00:04

Health: -2/23      AC:  6    Str: 17    XL:     3   Next: 20%
Magic:  3/3        EV: 11    Int: 10    God:
Gold:   0          SH:  0    Dex: 11    Spells: 2/2 levels left

rFire   . . .      SeeInvis .   a - +0 hand axe
rCold   . . .      Faith    .   (no shield)
rNeg    + . .      Spirit   .   b - +0 leather armour
rPois   inf        Reflect  .   (no helmet)
rElec   +          Harm     .   (no cloak)
rCorr   .          Rampage  .   (no gloves)
Will    .....                   (no boots)
Stlth   +++.......              (no amulet)
HPRegen 0.07/turn               (no ring)
MPRegen 0.08/turn               (no ring)

@: no status effects
A: sickness immunity, AC +3, negative energy resistance 1, electricity
resistance, torment resistance 1, petrification resistance
a: no special abilities


You were on level 5 of the Dungeon.
You visited 1 branch of the dungeon, and saw 1 of its levels.


Innate Abilities, Weirdness & Mutations

You are immune to sickness and miasma.
Your stone body is resilient. (AC +3)
You are immune to poison.
You resist negative energy. (rN+)
You are resistant to electric shocks. (rElec)
You are resistant to unholy torment.
You are immune to petrification.


   Skills:
 - Level 3.2 Fighting
 + Level 3.2 Axes
 - Level 1.5 Dodging
 - Level 5.4 Stealth


You had 2 spell levels left.
You didn't know any spells.
Your spell library was empty.

Inventory:

Hand Weapons
 a - a +0 hand axe (weapon)
Armour
 b - a +0 leather armour (worn)
Wands
 g - a wand of digging (3)
Scrolls
 c - a scroll of fog
 d - a scroll of magic mapping
 e - a scroll of fear
Potions
 f - a potion of haste

Dungeon Overview and Level Annotations

Branches:
Dungeon (5/15)
 Temple: D:4-7

Altars:


Message History

A kobold comes into view. It is wielding a +0 short sword.
The kobold brigand hits you but does no damage.
You closely miss the kobold brigand.
The kobold brigand hits you with a +0 short sword.
You closely miss the kobold brigand.
The kobold brigand hits you with a +0 short sword.
You closely miss the kobold brigand. The kobold brigand barely misses you.
You hit the kobold brigand but do no damage.
The kobold brigand barely misses you.
A kobold comes into view. It is wielding a +0 whip.
You closely miss the kobold brigand.
A kobold comes into view.
It is wielding a +0 dagger and quivering poisoned darts.
The kobold brigand hits you with a +0 short sword.
The kobold brigand hits you but does no damage.
The kobold moves out of view.
You closely miss the kobold brigand. You closely miss the kobold brigand.
The kobold brigand hits you with a +0 short sword.
You hit the kobold brigand.
The kobold brigand is lightly wounded.
You hit the kobold but do no damage. The kobold hits you with a +0 club.
The kobold brigand hits you but does no damage.
You hit the kobold brigand.
The kobold brigand is lightly wounded.
You miss the kobold.
The kobold brigand hits you but does no damage.
The kobold hits you but does no damage.
You hit the kobold brigand.
The kobold brigand is moderately wounded.
You barely miss the kobold.
The kobold brigand hits you with a +0 short sword.
The kobold hits you but does no damage.
You closely miss the kobold brigand.
The kobold brigand is moderately wounded.
You closely miss the kobold. The kobold hits you but does no damage.
The kobold brigand hits you with a +0 short sword.
You die...

#... ... #... ..
#... .. #..##.
#...) #
#...##########
#..#K#...#K@.......
#......>.#K#####.##
######.........#
......#.#........
#####.#.#.....#.#
#.#.#.##### ..#.#..
....... .........


You could see a kobold brigand and a kobold.

Vanquished Creatures
  A hound (D:5)
  A kobold (D:5)
2 creatures vanquished.

Notes
Turn   | Place    | Note
-------+----------+-------------------------------------------
     0 | D:5      | qw the Gargoyle Delver began the quest for the Orb.
     0 | D:5      | Reached XP level 1. HP: 14/14 MP: 1/1
     0 | D:5      | 0 ||| qw: Version: 0.1-a-116-g5d60599
     0 | D:5      | 0 ||| qw: Game counter: 8605
     0 | D:5      | 0 ||| qw: Always use a shield: true
     0 | D:5      | 0 ||| qw: God list: Okawaru
     0 | D:5      | 0 ||| qw: Allow faded altars: false
     0 | D:5      | 0 ||| qw: Do Orc after D:15 true
     0 | D:5      | 0 ||| qw: Do second Lair branch before Depths: true
     0 | D:5      | 0 ||| qw: Lair rune preference: random
     0 | D:5      | 0 ||| qw: Plans: Normal
     0 | D:5      | 0 ||| PLANNING D:1-11
     2 | D:5      | Noticed a hound
    13 | D:5      | HP: 2/14 [hound (2)]
    15 | D:5      | Killed a hound
    16 | D:5      | Reached skill level 3 in Axes
    16 | D:5      | Reached XP level 2. HP: 3/19 MP: 2/2
    16 | D:5      | Reached XP level 3. HP: 4/23 MP: 3/3
   224 | D:5      | Noticed a kobold brigand
   225 | D:5      | 225 ||| Stepping ~*~*~tactically~*~*~ (stealth).
   264 | D:5      | 264 ||| Stepping ~*~*~tactically~*~*~ (stealth).
   272 | D:5      | 272 ||| Stepping ~*~*~tactically~*~*~ (stealth).
   284 | D:5      | HP: 3/23 [kobold brigand/+0 short sword (5)]
   285 | D:5      | Slain by a kobold brigand

Levels and vault maps discovered:
D:5:      layout_basic, gammafunk_ghost_arena, grunt_ministairs_2,
          minmay_misc_feat_secret_circle

Skill      XL: |  1 |
---------------+----+-----
Axes           | 3 |  3.2
Fighting       | |  3.2
Dodging        | |  1.5
Stealth        | |  5.4

Action                   || total
-------------------------++-------
Melee: Hand axe          ||    21
       Punch             ||     1
Armor: Leather armour    ||     9
Dodge: Dodged            ||    10

Table legend:
 A = Non-vault XP
 B = Vault XP
 C = Vault XP percentage of total XP
 D = Non-vault monster count
 E = Vault monster count
 F = Vault count percentage of total count
                 A         B        C        D         E       F
            +---------+---------+-------+---------+---------+-------
      Total |      44 |       0 |   0.0 |       2 |       0 |   0.0
            +---------+---------+-------+---------+---------+-------
        D:5 |      44 |       0 |   0.0 |       2 |       0 |   0.0
            +---------+---------+-------+---------+---------+-------
